Map: World of Sleepers LE

Players

SAM

  • Race: Terran Terran
  • League: Master
  • Spawn Location: 7:00

Clem - Winner!

  • Race: Terran Terran
  • League: Master
  • Spawn Location: 1:00

Event: NationWars 2019

VOD

Have the link to the VOD?

Description

Time

  • Played on: Sept. 30, 2019, 1:26 p.m.
  • Length: 6:03
Show
View Real Time Build Order
Export as new Build Order

SAM Terran 

Build Orders: 1/1/1 

Get SALT Encoding   

  12  0:00  SCV  
  13  0:12  SCV  
  14  0:18  Supply Depot  
  14  0:25  SCV  
  15  0:30  Refinery  
  15  0:40  SCV  
  16  0:45  Barracks  
  16  0:52  SCV  
  17  0:57  Refinery  
  17  1:04  SCV  
  18  1:16  SCV  
  19  1:32  Orbital Command, Reaper  
  20  1:38  Factory  
  20  1:43  Supply Depot  
  20  1:58  SCV  
  21  2:04  Reaper  
  22  2:10  SCV  
  23  2:22  SCV  
  24  2:23  Starport  
  24  2:25  Hellion  
  26  2:32  Supply Depot  
  26  2:34  SCV  
  26  2:36  Reaper  
  28  2:46  SCV  
  28  2:48  Hellion  
  30  3:08  Reaper  
  30  3:09  Hellion  
  33  3:26  SCV, Command Center  
  34  3:31  Starport  
  34  3:34  Starport  
  34  3:36  Hellion  
  34  3:40  SCV  
  37  3:46  Supply Depot  
  37  3:55  Barracks Reactor  
  37  3:59  Factory Tech Lab  
  31  4:26  Siege Tank  
  34  4:37  Marine x2  
  34  4:38  Starport Reactor, Starport Tech Lab  
  35  4:41  Orbital Command, Supply Depot  
  35  4:43  SCV  
  35  4:44  Refinery  
  36  4:55  SCV  
  36  4:57  Raven  
  39  5:06  Marine  
  39  5:07  SCV  
  39  5:11  Marine  
  41  5:19  SCV, Siege Tank  
  42  5:24  Marine  
  42  5:29  Marine  
  42  5:31  SCV  
  43  5:42  Marine  
Show
View Real Time Build Order
Export as new Build Order

Clem Terran - Winner!

Build Orders:  

Get SALT Encoding   

  12  0:00  SCV  
  13  0:12  SCV  
  14  0:17  Supply Depot  
  14  0:24  SCV  
  15  0:29  Refinery  
  15  0:38  SCV  
  16  0:45  Barracks  
  16  0:50  SCV  
  17  0:58  Refinery  
  17  1:02  SCV  
  18  1:14  SCV  
  19  1:32  Orbital Command  
  19  1:34  Factory  
  19  1:37  Reaper  
  20  1:53  Supply Depot  
  20  1:58  SCV  
  21  2:09  Reaper  
  21  2:11  SCV  
  23  2:18  Hellion  
  25  2:28  Command Center  
  25  2:31  SCV  
  26  2:39  Hellion  
  28  2:44  Starport  
  28  2:48  Barracks Tech Lab  
  28  2:49  SCV  
  29  2:58  Supply Depot  
  29  3:02  SCV  
  30  3:13  Barracks Tech Lab  
  30  3:14  SCV  
  31  3:20  Cyclone  
  34  3:27  SCV  
  34  3:30  Refinery  
  35  3:42  Orbital Command  
  35  3:44  Raven, SCV  
  38  3:56  SCV  
  38  4:00  Cyclone  
  42  4:08  SCV  
  42  4:09  Barracks Reactor, SCV  
  44  4:20  SCV  
  44  4:21  SCV  
  44  4:22  Command Center  
  44  4:32  SCV  
  44  4:33  SCV  
  44  4:34  Raven  
  46  4:40  Supply Depot  
  46  4:44  SCV  
  47  4:45  Marine x2  
  47  4:48  Siege Tank  
  47  4:49  SCV  
  47  4:52  Supply Depot  
  53  4:56  SCV  
  54  5:00  Refinery  
  54  5:02  SCV  
  54  5:03  Marine x2  
  57  5:08  SCV  
  58  5:14  SCV  
  58  5:21  Barracks x2, SCV  
  58  5:24  Siege Tank  
  58  5:26  SCV  
  62  5:29  Supply Depot  
  62  5:31  Viking  
  64  5:38  SCV  
  67  5:47  SCV  
  68  5:51  SCV  
Tags
 
Add a new tag
Caveats
  • Supply blocks, unpowered buildings, or Contaminate may cause inaccurate times.
  • Supply counts are checked every 10 seconds.